 Dungeon Crawl Stone Soup version 0.29-a0-1027-gcd8c55af63 (webtiles) character file.

Game seed: 11111816887793527967

893 Newt the Shooter (level 8, -6/44 HPs)
             Began as a Kobold Hunter on Aug 12, 2022.
             Mangled by Prince Ribbit (8 damage)
             ... on level 6 of the Dungeon.
             The game lasted 00:07:02 (4988 turns).

Newt the Shooter (Kobold Hunter)                    Turns: 4988, Time: 00:07:03

Health: -6/44      AC: 10    Str:  6      XL:     8   Next: 27%
Magic:  8/8        EV:  4    Int: 14      God:
Gold:   200        SH:  4    Dex: 17 (21) Spells: 7/7 levels left

rFire   . . .      SeeInvis .   i - +1 demon blade (flame)
rCold   . . .      Faith    .   (no shield)
rNeg    + . .      Spirit   .   n - +1 chain mail of Agoraphobia {Fly Int+4}
rPois   .          Reflect  .   (no helmet)
rElec   .          Harm     .   (no cloak)
rCorr   +          Rampage  .   (no gloves)
Will    .....                   h - +0 pair of boots
Stlth   ..........              (no amulet)
HPRegen 0.14/turn               d - ring of positive energy
MPRegen 0.11/turn               e - ring of resist corrosion

@: brilliant, flying
A: small, no large weapons, nightstalker 3, large bone plates 1, weak 1
a: no special abilities


You were on level 6 of the Dungeon.
You visited 1 branch of the dungeon, and saw 6 of its levels.

You collected 200 gold pieces.

Inventory:

Hand Weapons
 a - a +0 shortbow
 i - a +1 demon blade of flaming (weapon)
Armour
 c - a +0 leather armour
 g - a +1 scale mail of cold resistance
 h - a +0 pair of boots (worn)
 m - the +2 robe of the Bruised Wars {Int+3}
   (You found it on level 2 of the Dungeon)

   Int:       It affects your intelligence (+3).
 n - the +1 chain mail of Agoraphobia (worn) {Fly Int+4}
   (You found it on level 3 of the Dungeon)

   Int:       It affects your intelligence (+4).
   Fly:       It grants you flight.
Jewellery
 d - a ring of positive energy (left hand)
 e - a ring of resist corrosion (right hand)
 j - a ring of positive energy
Scrolls
 b - a scroll of immolation
Potions
 l - a potion of resistance
 p - 2 potions of magic
 q - 3 potions of degeneration
 u - a potion of attraction {unknown}


   Skills:
 - Level 2.1 Fighting
 - Level 6.2 Long Blades
 - Level 6.6 Ranged Weapons
 + Level 1.6 Armour
 + Level 3.7 Dodging
 - Level 1.3 Stealth


You had 7 spell levels left.
You didn't know any spells.
Your spell library contained the following spells:

 Spells                   Type           Power      Damage    Failure   Level
 Slow                     Hex            0%         N/A       100%        1
 Confusing Touch          Hex            0%         N/A       100%        3
 Vampiric Draining        Necr           0%         2d6       100%        3


Dungeon Overview and Level Annotations

Branches:
Dungeon (6/15)
 Temple: D:4-7

Altars:
Cheibriados
Gozag

Shops:
D:5 :

Annotations:
D:5 1 transporter
D:6 Prince Ribbit


Innate Abilities, Weirdness & Mutations

You are small and have problems with some larger weapons.
You are completely attuned to the shadows.
You are partially covered in large bone plates. (SH +4)
You are weak. (Str -2)


Message History

Prince Ribbit is heavily wounded.
Prince Ribbit hits you! Prince Ribbit barely misses you.
You bump into the rock wall.
You feel less invigorated.
You feel less confused.
Prince Ribbit hits you but does no damage.
You hit Prince Ribbit. You burn Prince Ribbit.
Prince Ribbit is heavily wounded.
Prince Ribbit hits you but does no damage. x2
You miss Prince Ribbit.
Prince Ribbit is heavily wounded.
Prince Ribbit barely misses you.
You closely miss Prince Ribbit.
Prince Ribbit is heavily wounded.
Prince Ribbit hits you!
You barely miss Prince Ribbit. You punch Prince Ribbit.
Prince Ribbit is heavily wounded.
Prince Ribbit hits you!
* * * LOW HITPOINT WARNING * * *
Prince Ribbit hits you but does no damage.
You barely miss Prince Ribbit.
Prince Ribbit is heavily wounded.
Prince Ribbit hits you!
* * * LOW HITPOINT WARNING * * *
Unknown command.
Prince Ribbit blinks!
Prince Ribbit attacks as you move away! Prince Ribbit barely misses you.
Really read the scroll of immolation?
Okay, then.
Read: 2 scrolls of immolation
Press: ? - help, Q - select action, (/) - cycle Dir - look around, f - activate You can't see that place.
As you read the scroll of immolation, it crumbles to dust.
The creatures around you are filled with an inner flame!
Prince Ribbit blinks!
Unknown command.
Okay, then.
It was a potion of brilliance.
You feel clever all of a sudden. Prince Ribbit hits you!
You die...

**,,,,* *...###
**,#.# *.....#
****,#.# ****#.#
,,,,,#.# #.#
*****#.## #.#
#..## #.# ##.#.##
#.#
##.###.########.#
##>## ##.....F@§.#
#.######..########
##.##..PP##
##...§≈.# ##..≈≈.#
##P.§§# #.####*#
#.##.♣P♣ ##.#...P♣


You could see Prince Ribbit (inner flame).

Vanquished Creatures
  Edmund (D:5)
  A black bear (D:5)
  An ogre (D:5)
  A necrophage (D:5)
  A scorpion (D:5)
  A quasit (D:6)
  A gnoll bouda (D:5)
  6 hounds
  3 iguanas (D:5)
  5 gnolls (D:5)
  4 adders
  2 shadow imps
  A white imp (D:5)
  An ufetubus (D:5)
  2 worms (D:2)
  2 dart slugs
  3 ball pythons
  5 endoplasms
  2 giant cockroaches (D:2)
  7 goblins
  8 hobgoblins
  3 jackals (D:2)
  4 kobolds
  5 quokkas
  5 bats
  6 frilled lizards
  5 rats
86 creatures vanquished.

Vanquished Creatures (others)
  A demonic plant (D:6)
1 creature vanquished.

Grand Total: 87 creatures vanquished

Notes
Turn   | Place    | Note
-------+----------+-------------------------------------------
     0 | D:1      | Newt the Kobold Hunter began the quest for the Orb.
     0 | D:1      | Reached XP level 1. HP: 12/12 MP: 1/1
    68 | D:1      | Reached XP level 2. HP: 16/17 MP: 2/2
   468 | D:1      | Reached XP level 3. HP: 21/21 MP: 3/3
  1194 | D:2      | Reached skill level 1 in Long Blades
  1327 | D:2      | Reached XP level 4. HP: 26/26 MP: 4/4
  1517 | D:2      | Found a faded altar of an unknown god.
  1660 | D:2      | Identified the +2 robe of the Bruised Wars {Int+3}
  1959 | D:3      | Found a snail-covered altar of Cheibriados.
  1962 | D:3      | Identified the +1 chain mail of Agoraphobia {Fly Int+4}
  2160 | D:3      | You are sucked into a shaft and drop 1 floor!
  2426 | D:4      | Found an opulent altar of Gozag.
  2523 | D:4      | Reached XP level 5. HP: 30/30 MP: 5/5
  2847 | D:5      | Entered Level 5 of the Dungeon
  3345 | D:5      | Reached XP level 6. HP: 35/35 MP: 6/6
  3778 | D:5      | Found a transporter.
  3864 | D:5      | Reached XP level 7. HP: 34/40 MP: 7/7
  3910 | D:5      | Found Istrop Zaug's Book Shop.
  3990 | D:5      | Reached skill level 5 in Long Blades
  4191 | D:5      | Noticed Edmund
  4198 | D:5      | Killed Edmund
  4221 | D:5      | Reached XP level 8. HP: 30/44 MP: 8/8
  4681 | D:5      | Reached skill level 1 in Armour
  4938 | D:6      | Noticed Prince Ribbit
  4949 | D:6      | Gained mutation: You are weak. (Str -2) [potion of
                  | mutation]
  4949 | D:6      | Gained mutation: You are partially covered in large bone
                  | plates. (SH +4) [potion of mutation]
  4984 | D:6      | HP: 1/44 [Prince Ribbit (10)]
  4988 | D:6      | Mangled by Prince Ribbit

Illustrated notes

Levels and vault maps discovered:
D:1:      dpeg_arrival_simpleton_a, layout_basic
D:2:      layout_loops_ring, hellmonk_ecumenical_altar_pennies_from_heaven
D:3:      layout_basic, mainiacjoe_overflow_large_starburst,
          mainiacjoe_overflow_cross_hatched, uniq_grinder
D:4:      layout_loops_cross, lemuel_round_altar
D:5:      layout_loops_corners, gammafunk_ghost_stat_death,
          kennysheep_small_square, uniq_edmund
D:6:      layout_loops_ring, palyth_temple_overflow_mages, serial_demonic,
          serial_demonic_f, serial_demonic_g, serial_demonic_g,
          serial_demonic_a, serial_demonic_e, serial_demonic_b,
          serial_demonic_b, serial_demonic_c, uniq_eustachio,
          uniq_prince_ribbit1

Skill      XL: |  1  2  3  4  5  6  7  8 |
---------------+-------------------------+-----
Ranged Weapons | 6 |  6.6
Long Blades    | 1 2 3 4 6 |  6.2
Armour         | 1 |  1.6
Dodging        | 3 |  3.7
Fighting       | |  2.1
Stealth        | |  1.3

Action                   |  1- 3 |  4- 6 |  7- 9 || total
-------------------------+-------+-------+-------++-------
Melee: Demon blade       |       |    31 |    70 ||   101
       Punch             |       |       |     3 ||     3
 Fire: Shortbow          |    89 |    80 |       ||   169
  Use: Scroll            |       |    10 |     3 ||    13
       Potion            |       |     1 |     5 ||     6
Armor: Leather armour    |     3 |     3 |       ||     6
       Chain mail        |       |    33 |    45 ||    78
       Robe              |       |     3 |       ||     3
Dodge: Dodged            |    23 |    50 |    24 ||    97
Block: Other             |       |       |     1 ||     1

Table legend: (Time is in decaauts)
 A = Elapsed time spent in this place.
 B = Non-inter-level travel time spent in this place.
 C = Inter-level travel time spent in this place.
 D = Time resting spent in this place.
 E = Time spent auto-exploring this place.
 F = Levels seen in this place.
 G = Mean time per level.
                   A        B        C        D        E       F      G
               +--------+--------+--------+--------+--------+-----+--------+
         Total |   5052 |   4864 |    188 |    676 |   3610 |   6 |  842.0 |
       Dungeon |   5052 |   4864 |    188 |    676 |   3610 |   6 |  842.0 |
               +--------+--------+--------+--------+--------+-----+--------+

Top non-repeatable levels by time:
     D:5: 2012 daAuts
     D:2: 984 daAuts
     D:1: 924 daAuts
     D:4: 699 daAuts
     D:3: 289 daAuts
     D:6: 143 daAuts
